 Dungeon Crawl Stone Soup version 0.25.1-2-g60ff931df9 (webtiles) character file.

Game seed: 2643134149764376827

150 ew1980 the Digger (level 5, -1/28 HPs)
             Began as a Gargoyle Earth Elementalist on Oct 29, 2020.
             Slain by a worm (8 damage)
             ... on level 2 of the Dungeon.
             The game lasted 00:05:35 (2224 turns).

ew1980 the Digger (Gargoyle Earth Elementalist)     Turns: 2224, Time: 00:05:36

Health: -1/28      AC: 10    Str: 11    XL:     5   Next: 32%
Magic:  10/10      EV: 12    Int: 17    God:
Gold:   81         SH:  0    Dex: 10    Spells: 9/10 levels left

rFire    . . .     SeeInvis +   f - +2 hand axe (vamp)
rCold    . . .     Gourm    .   (no shield)
rNeg     + . .     Faith    .   c - +0 robe
rPois    ∞         Spirit   .   r - +2 helmet {SInv}
rElec    +         Reflect  .   (no cloak)
rCorr    .         Harm     .   l - +0 pair of gloves
MR       .....                  (no boots)
Stlth    ++........             (no amulet)
HPRegen  0.09/turn              (no ring)
MPRegen  0.12/turn              (no ring)

@: no status effects
A: negative energy resistance 1, electricity resistance, unbreathing,
petrification resistance, rot immunity, AC +4
a: no special abilities


You were on level 2 of the Dungeon.
You were not hungry.

You visited 1 branch of the dungeon, and saw 2 of its levels.

You collected 81 gold pieces.

Inventory:

Hand Weapons
 f - a +2 vampiric hand axe (weapon)
 p - a +2 dagger of freezing
 s - a +1 whip of flaming
Missiles
 b - 117 stones
 k - 2 javelins (quivered)
Armour
 c - a +0 robe (worn)
 i - a +0 buckler
 l - a +0 pair of gloves (worn)
 r - a +2 helmet of see invisible (worn)
Jewellery
 o - an uncursed ring of fire {unknown}
Scrolls
 a - 4 scrolls of remove curse {unknown}
 e - a scroll of random uselessness {unknown}
 h - a scroll of immolation {unknown}
 j - 2 scrolls of identify {unknown}
 n - a scroll of magic mapping {unknown}
 q - a scroll of fear {unknown}
Potions
 g - a potion of invisibility {unknown}
 t - a potion of degeneration {unknown}
Comestibles
 d - 3 rations
 m - 3 chunks of flesh


   Skills:
 - Level 1.5 Dodging
 - Level 2.1 Stealth
 + Level 2.4 Shields
 + Level 3.3 Spellcasting
   Level 0.7 Transmutations
 + Level 5.1 Earth Magic


You had 9 spell levels left.
You knew the following spells:

 Your Spells              Type           Power        Failure   Level  Hunger
a - Sandblast             Erth           ###...       1%          1    None

Your spell library contained the following spells:

 Spells                   Type           Power        Failure   Level  Hunger
 Passwall                 Tmut/Erth      ##......     8%          2    ##.....
 Stone Arrow              Conj/Erth      ##....       17%         3    ###....
 Petrify                  Tmut/Erth      ##......     45%         4    ####...
 Lee's Rapid Deconstruct  Erth           ###.......   50%         5    ######.


Dungeon Overview and Level Annotations

Branches:
Dungeon (2/15)

Altars:
Nemelex Xobeh


Innate Abilities, Weirdness & Mutations

You are resistant to torment.
Your stone body is resilient. (AC +4)
You are immune to poison.
You resist negative energy. (rN+)
You are resistant to electric shocks. (rElec)
You can survive without breathing.
You are immune to petrification.
You are immune to rotting.


Message History

You hit the dart slug.
You kill the dart slug!
The worm bites you.
You see here a dart slug corpse.
You hit the worm.
You feel better.
The worm is moderately wounded.
The worm bites you!
You barely miss the worm.
The worm is moderately wounded.
The worm bites you.
You hit the worm.
You feel better.
The worm is moderately wounded.
You barely miss the worm.
The worm is moderately wounded.
The worm bites you!
* * * LOW HITPOINT WARNING * * *
You hit the worm.
The worm is heavily wounded.
The worm bites you!
You die...

##.......##..........##'##.####
# ......##########..#####.##.#
# ...........# ##.#####.##.# #
...........# #).#.......# #
...........# ##)#.#...### #
...........# #...#...#
...........## ##..#...########
............#
####..#...##......
............#
#@†...##'###.#####
########.##.#
#w###..#.###...... #....# ...
#)..##.#......#... ## #.####
......#.##.#.##....... .####.#
......#.##...##....... .##...#
....' ###..##....... .##+#.####
.....# #..###÷.#... .'.......#
......# ##.###......
.#.......#.......# #..##)#####


You could see a worm.

Vanquished Creatures
  An orc wizard (D:2)
  An orc priest (D:2)
  Robin (D:2)
  2 adders (D:2)
  An ooze (D:2)
  2 dart slugs (D:2)
  4 orcs (D:2)
  2 ball pythons (D:1)
  A giant cockroach (D:1)
  13 goblins
  5 hobgoblins (D:2)
  4 bats
  4 frilled lizards
  7 kobolds
  2 rats
50 creatures vanquished.

Notes
Turn   | Place    | Note
-------+----------+-------------------------------------------
     0 | D:1      | ew1980 the Gargoyle Earth Elementalist began the quest for
                  | the Orb.
     0 | D:1      | Reached XP level 1. HP: 10/10 MP: 3/3
   688 | D:1      | Reached XP level 2. HP: 13/15 MP: 5/5
   768 | D:1      | Reached skill level 4 in Earth Magic
  1324 | D:2      | Noticed Robin
  1549 | D:2      | Found a sparkling altar of Nemelex Xobeh.
  1563 | D:2      | Reached XP level 3. HP: 19/19 MP: 6/6
  1616 | D:2      | Reached skill level 1 in Shields
  1819 | D:2      | Reached XP level 4. HP: 23/24 MP: 8/8
  1846 | D:2      | Killed Robin
  2003 | D:2      | Reached skill level 5 in Earth Magic
  2017 | D:2      | Reached XP level 5. HP: 28/28 MP: 6/9
  2224 | D:2      | Slain by a worm

Illustrated notes

Levels and vault maps discovered:
D:1:      dpeg_arrival_brainrot, layout_basic
D:2:      cheibrodos_pilgrimage, layout_basic, overflow_temple_1_default,
          nemelex_dance_club_becter, uniq_robin

Skill      XL: |  1  2  3  4 |
---------------+-------------+-----
Earth Magic    | 4 5 |  5.1
Shields        | 1 2 |  2.4
Spellcasting   | 3 |  3.3
Dodging        | |  1.5
Stealth        | |  2.1
Transmutations | |  0.7

Action                   |  1- 3 |  4- 6 || total
-------------------------+-------+-------++-------
Melee: Short sword       |    35 |       ||    35
       Unarmed           |     3 |       ||     3
       Hand axe          |    55 |    58 ||   113
Throw: Javelin           |     1 |       ||     1
 Cast: Sandblast         |     7 |    11 ||    18
 Stab: Sleeping          |     3 |       ||     3
  Eat: Chunk             |     3 |     1 ||     4
Armor: Robe              |    43 |    23 ||    66
Dodge: Dodged            |   100 |    45 ||   145
